| TOP OF THE 1ST |
|
Cleveland (APP) Indians batting - Pitching for Burlington Royals : LHP Brett Reed
|
|
Pitching: LHP Brett Reed
|
|
|
Batting: RHB Tsega Haida
|
0-0: Ball 1-0: Called Strike 1-1: Foul Ball, location: 2F 1-2: Ground out 5-3 (Groundball, 56, EV 78.8 MPH)
|
|
Batting: RHB Jose Argueta
|
0-0: Ball 1-0: Ball 2-0: Called Strike 2-1: Called Strike 2-2: Foul Ball, location: 2F 2-2: Ball 3-2: Foul Ball, location: 2F 3-2: Ground out 3-1 (Groundball, 34S, EV 90.0 MPH)
|
|
Batting: RHB Bill Ortiz
|
0-0: Called Strike 0-1: Foul Ball, location: 2F 0-2: Ball 1-2: Foul Ball, location: 2F 1-2: Ball 2-2: Foul Ball, location: 2F 2-2: Ball 3-2: Foul Ball, location: 2F 3-2: Strikes out looking
|
| Top of the 1st over - 0 runs, 0 hits, 0 errors, 0 left on base; Cleveland (APP) 0 - Burlington 0 |
| BOTTOM OF THE 1ST |
|
Burlington Royals batting - Pitching for Cleveland (APP) Indians : RHP Jesus Montana
|
|
Pitching: RHP Jesus Montana
|
|
|
Batting: LHB Bobby Gonzalez
|
0-0: Ball 1-0: SINGLE (Line Drive, 8LS, EV 85.0 MPH)
|
|
Batting: LHB Mike Bhatti
|
0-0: Ball 1-0: Ball 2-0: Fielders Choice at 2nd, 3-6 (Groundball, 3, EV 86.9 MPH)
|
|
Batting: RHB Nick Julien
|
0-0: Called Strike 0-1: Called Strike 0-2: Fielders Choice at 2nd, 6-4 (Groundball, 6, EV 100.0 MPH)
|
|
Batting: RHB Phil Hamby
|
0-0: Called Strike 0-1: Foul Ball, location: 2F 0-2: Ball 1-2: 2-RUN HOME RUN (Flyball, 9LD, EV 89.4 MPH), Distance : 331 ft
|
|
Batting: SHB Bill Ertl
|
0-0: Called Strike 0-1: Ground out 4-3 (Groundball, 4, EV 105.0 MPH)
|
| Bottom of the 1st over - 2 runs, 2 hits, 0 errors, 0 left on base; Cleveland (APP) 0 - Burlington 2 |
| TOP OF THE 2ND |
|
Cleveland (APP) Indians batting - Pitching for Burlington Royals : LHP Brett Reed
|
|
Batting: RHB Nick Gossman
|
0-0: Ball 1-0: Ball 2-0: Called Strike 2-1: Ball 3-1: Base on Balls
|
|
Batting: RHB Joe Shade
|
0-0: Called Strike 0-1: Swinging Strike 0-2: Strikes out looking Nick Gossman is caught stealing 2nd base 2-4 Batter strikes out.
|
|
Batting: RHB Justin Teague
|
0-0: Ball 1-0: Foul Ball, location: 2F 1-1: Foul Ball, location: 2F 1-2: Foul Ball, location: 2F 1-2: Ball 2-2: Foul Ball, location: 2F 2-2: Foul Ball, location: 2F 2-2: Ball 3-2: Base on Balls
|
|
Batting: RHB Kevin Trull
|
0-0: Called Strike 0-1: Ball Justin Teague steals 2nd base 1-1: SINGLE (Groundball, 34D, EV 101.9 MPH) Justin Teague to third Runner from 3rd tries for Home, SAFE, throw by RF to home
|
|
Batting: RHB Aaron Stout
|
0-0: Ball 1-0: 2-RUN HOME RUN (Line Drive, 78XD, EV 99.4 MPH), Distance : 415 ft
|
|
Batting: RHB Jonathan Livingston
|
0-0: Called Strike 0-1: Swinging Strike 0-2: Ball 1-2: SINGLE (Line Drive, 7S, EV 94.4 MPH)
|
|
Batting: RHB Tsega Haida
|
0-0: Ball 1-0: Ball 2-0: Ball 3-0: Base on Balls Jonathan Livingston to second
|
|
Pitching: RHP Kolenka Leschenya
|
|
|
Batting: RHB Jose Argueta
|
0-0: Swinging Strike 0-1: SINGLE (Flyball, 8LS, EV 85.6 MPH) Jonathan Livingston to third Tsega Haida to second Runner from 3rd tries for Home, SAFE, throw by CF to home
|
|
Batting: RHB Bill Ortiz
|
0-0: Ball 1-0: Ball 2-0: Ball 3-0: Called Strike 3-1: Base on Balls Tsega Haida to third Jose Argueta to second
|
|
Batting: RHB Nick Gossman
|
0-0: Fly out, F8 (Flyball, 8RM, EV 93.8 MPH)
|
| Top of the 2nd over - 4 runs, 4 hits, 0 errors, 3 left on base; Cleveland (APP) 4 - Burlington 2 |
| BOTTOM OF THE 2ND |
|
Burlington Royals batting - Pitching for Cleveland (APP) Indians : RHP Jesus Montana
|
|
Batting: LHB Pablo Serrato
|
0-0: Ball 1-0: Ball 2-0: Called Strike 2-1: Ball 3-1: Base on Balls
|
|
Batting: SHB Danny Ballenger
|
0-0: Swinging Strike 0-1: Ball 1-1: Called Strike 1-2: Ball 2-2: Ball 3-2: Reached on error, E4 (Groundball, 4, EV 89.4 MPH) Pablo Serrato to second
|
|
Batting: RHB Bobby Matyas
|
0-0: Ball 1-0: DOUBLE (Flyball, 8LXD, EV 95.0 MPH) Pablo Serrato scores Danny Ballenger to third
|
|
Batting: RHB Dave Saldana
|
0-0: Called Strike 0-1: Foul Ball, location: 2F 0-2: Ball 1-2: Ball 2-2: Foul Ball, location: 2F 2-2: Ball 3-2: Base on Balls
|
|
Batting: LHB Bobby Gonzalez
|
0-0: Called Strike 0-1: Ball 1-1: Ball 2-1: Foul Ball, location: 2F 2-2: Ball 3-2: Foul Ball, location: 2F 3-2: Foul Ball, location: 2F 3-2: Fly out, F7 (Line Drive, 7S, EV 103.1 MPH)
|
|
Batting: LHB Mike Bhatti
|
0-0: Ball 1-0: Fielders Choice at 2nd, 3-6 (Groundball, 3S, EV 88.1 MPH) Danny Ballenger scores Bobby Matyas to third
|
|
Batting: RHB Nick Julien
|
0-0: Ball 1-0: Foul Ball, location: 2F 1-1: SINGLE (Groundball, 56D, EV 108.8 MPH) Bobby Matyas scores Mike Bhatti to second
|
|
Batting: RHB Phil Hamby
|
0-0: Ball 1-0: Fielders Choice at 2nd, 6-4 (Groundball, 6, EV 100.0 MPH)
|
| Bottom of the 2nd over - 3 runs, 2 hits, 1 error, 2 left on base; Cleveland (APP) 4 - Burlington 5 |
| TOP OF THE 3RD |
|
Cleveland (APP) Indians batting - Pitching for Burlington Royals : RHP Kolenka Leschenya
|
|
Batting: RHB Joe Shade
|
0-0: Called Strike 0-1: Ball 1-1: SINGLE (Groundball, 34D, EV 94.4 MPH)
|
|
Batting: RHB Justin Teague
|
0-0: Ball 1-0: Ball 2-0: Called Strike 2-1: Ball 3-1: Foul Ball, location: 2F 3-2: Base on Balls Joe Shade to second
|
|
Batting: RHB Kevin Trull
|
0-0: Ball 1-0: Reached on error, E5 (Groundball, 5S, EV 81.2 MPH) Joe Shade to third Justin Teague to second
|
|
Batting: RHB Aaron Stout
|
0-0: Ball 1-0: DOUBLE (Line Drive, 89M, EV 96.9 MPH) Joe Shade scores Justin Teague scores Kevin Trull to third
|
|
Batting: RHB Jonathan Livingston
|
0-0: Called Strike 0-1: Ball 1-1: Ball 2-1: Swinging Strike 2-2: Strikes out swinging
|
|
Pitching: RHP Jordan Viveros
|
|
|
Batting: RHB Tsega Haida
|
0-0: Foul Ball, location: 2F 0-1: Ball 1-1: Ball 2-1: Foul Ball, location: 2F 2-2: Hit by Pitch
|
|
Batting: RHB Jose Argueta
|
0-0: Ball 1-0: Called Strike 1-1: Ball 2-1: Swinging Strike 2-2: Foul Ball, location: 2F 2-2: Strikes out looking
|
|
Batting: RHB Bill Ortiz
|
0-0: Called Strike 0-1: Foul Ball, location: 2F 0-2: Strikes out swinging
|
| Top of the 3rd over - 2 runs, 2 hits, 1 error, 3 left on base; Cleveland (APP) 6 - Burlington 5 |
| BOTTOM OF THE 3RD |
|
Burlington Royals batting - Pitching for Cleveland (APP) Indians : RHP Jesus Montana
|
|
Batting: SHB Bill Ertl
|
0-0: Called Strike 0-1: Swinging Strike 0-2: SOLO HOME RUN (Flyball, 7LD, EV 93.8 MPH), Distance : 354 ft
|
|
Batting: LHB Pablo Serrato
|
0-0: Ball 1-0: Ball 2-0: Called Strike 2-1: Foul Ball, location: 2F 2-2: Foul Ball, location: 2F 2-2: DOUBLE (Line Drive, 8LXD, EV 109.4 MPH)
|
|
Batting: SHB Danny Ballenger
|
0-0: Swinging Strike 0-1: Foul Ball, location: 2F 0-2: 2-RUN HOME RUN (Line Drive, 7D, EV 101.9 MPH), Distance : 388 ft
|
|
Pitching: RHP Luke Burnham
|
|
|
Batting: RHB Bobby Matyas
|
0-0: Called Strike 0-1: Ball 1-1: SOLO HOME RUN (Flyball, 7D, EV 96.2 MPH), Distance : 364 ft
|
|
Batting: RHB Dave Saldana
|
0-0: Foul Ball, location: 2F 0-1: Foul Ball, location: 2F 0-2: Ball 1-2: Ball 2-2: Ball 3-2: Base on Balls
|
|
Batting: LHB Bobby Gonzalez
|
0-0: Called Strike 0-1: Foul Ball, location: 2F 0-2: Ball 1-2: Foul Ball, location: 2F 1-2: Ball 2-2: Ball 3-2: Fielders Choice at 2nd, 6-4 (Groundball, 6MD, EV 104.4 MPH)
|
|
Batting: LHB Mike Bhatti
|
0-0: Called Strike 0-1: 2-RUN HOME RUN (Line Drive, 89XD, EV 110.6 MPH), Distance : 418 ft
|
|
Batting: RHB Nick Julien
|
0-0: Ball 1-0: Ground out 6-3 (Groundball, 6, EV 103.1 MPH)
|
|
Batting: RHB Phil Hamby
|
0-0: Ball 1-0: Ball 2-0: Ball 3-0: Base on Balls
|
|
Batting: SHB Bill Ertl
|
0-0: Ball Phil Hamby steals 2nd, throwing error, E2 Phil Hamby to third 1-0: Ball 2-0: Foul Ball, location: 2F 2-1: Foul Ball, location: 2F 2-2: Foul Ball, location: 2F 2-2: Foul Ball, location: 2F 2-2: Ball 3-2: Foul Ball, location: 2F 3-2: Foul Ball, location: 2F 3-2: Hit by Pitch
|
|
Batting: LHB Pablo Serrato
|
0-0: Ball 1-0: Called Strike 1-1: 3-RUN HOME RUN (Flyball, 89XD, EV 98.1 MPH), Distance : 398 ft
|
|
Batting: SHB Danny Ballenger
|
0-0: Ball 1-0: Ball 2-0: Called Strike 2-1: Reached via error on a dropped throw from 2B, E3 (Groundball, 4, EV 83.1 MPH)
|
|
Batting: RHB Bobby Matyas
|
0-0: Foul Ball, location: 2F 0-1: Ball 1-1: Foul Ball, location: 2F 1-2: 2-RUN HOME RUN (Flyball, 9LD, EV 97.5 MPH) (Inside the Park)
|
|
Pitching: RHP Carlos Manriquez
|
|
|
Batting: RHB Dave Saldana
|
0-0: Called Strike 0-1: Ground out U3 (Groundball, 34, EV 78.8 MPH)
|
| Bottom of the 3rd over - 11 runs, 7 hits, 2 errors, 0 left on base; Cleveland (APP) 6 - Burlington 16 |
| TOP OF THE 4TH |
|
Cleveland (APP) Indians batting - Pitching for Burlington Royals : RHP Jordan Viveros
|
|
Batting: RHB Nick Gossman
|
0-0: Ball 1-0: Called Strike 1-1: Foul Ball, location: 2F 1-2: Foul Ball, location: 2F 1-2: Foul Ball, location: 2F 1-2: Strikes out swinging
|
|
Batting: RHB Joe Shade
|
0-0: Called Strike 0-1: Ground out 4-3 (Groundball, 4, EV 88.1 MPH)
|
|
Batting: RHB Justin Teague
|
0-0: Ball 1-0: Ball 2-0: Called Strike 2-1: Ground out 6-3 (Groundball, 56D, EV 108.8 MPH)
|
| Top of the 4th over - 0 runs, 0 hits, 0 errors, 0 left on base; Cleveland (APP) 6 - Burlington 16 |
| BOTTOM OF THE 4TH |
|
Burlington Royals batting - Pitching for Cleveland (APP) Indians : RHP Carlos Manriquez
|
|
Batting: LHB Bobby Gonzalez
|
0-0: Ball 1-0: Ball 2-0: Ball 3-0: Called Strike 3-1: Called Strike 3-2: Hit by Pitch
|
|
Batting: LHB Mike Bhatti
|
0-0: Called Strike 0-1: Ball 1-1: Ball 2-1: Ball 3-1: Base on Balls Bobby Gonzalez to second
|
|
Batting: RHB Nick Julien
|
Balk! Bobby Gonzalez to third Mike Bhatti to second 0-0: Foul Ball, location: 2F 0-1: Foul Ball, location: 2F 0-2: Hit by Pitch
|
|
Pinch Runner at 1st Jonas Fernandez:
|
|
|
Batting: RHB Phil Hamby
|
0-0: Called Strike 0-1: Ball 1-1: Ball 2-1: Ball 3-1: Fly out, F7 (Flyball, 7, EV 78.8 MPH) Runner from 3rd tags up, SCORES, throw by LF
|
|
Batting: SHB Bill Ertl
|
0-0: Ball 1-0: Foul Ball, location: 2F 1-1: Ball 2-1: Ball 3-1: Called Strike 3-2: Foul Ball, location: 2F 3-2: Base on Balls Mike Bhatti to third Jonas Fernandez to second
|
|
Batting: LHB Pablo Serrato
|
0-0: Ball 1-0: Ball 2-0: DOUBLE (Line Drive, 7LM, EV 109.4 MPH) Mike Bhatti scores Jonas Fernandez scores Bill Ertl to third Runner from 3rd tries for Home, SAFE, throw by LF to trailing runner, SAFE at third!
|
|
Pitching: RHP Tom Bemis
|
|
|
Batting: SHB Danny Ballenger
|
0-0: Ball 1-0: Foul Ball, location: 2F 1-1: Ball 2-1: Called Strike 2-2: Ball 3-2: Foul Ball, location: 2F 3-2: Strikes out looking
|
|
Batting: RHB Bobby Matyas
|
0-0: SINGLE (Groundball, 56D, EV 95.0 MPH) Pablo Serrato scores
|
|
Batting: RHB Dave Saldana
|
0-0: Called Strike 0-1: Called Strike 0-2: Fly out, F4 (Popup, 4S, EV 67.5 MPH)
|
| Bottom of the 4th over - 5 runs, 2 hits, 0 errors, 1 left on base; Cleveland (APP) 6 - Burlington 21 |
| TOP OF THE 5TH |
|
Cleveland (APP) Indians batting - Pitching for Burlington Royals : RHP Jordan Viveros
|
|
Batting: RHB Kevin Trull
|
0-0: Ball 1-0: Foul Ball, location: 2F 1-1: Foul Ball, location: 2F 1-2: Ball 2-2: Ground out 4-3 (Groundball, 4, EV 87.5 MPH)
|
|
Pitching: RHP Obiniana Gaters
|
|
|
Batting: RHB Aaron Stout
|
0-0: Called Strike 0-1: Ball 1-1: Ball 2-1: Ball 3-1: Called Strike 3-2: Ground out 4-3 (Groundball, 4, EV 79.4 MPH)
|
|
Batting: RHB Jonathan Livingston
|
0-0: Ball 1-0: Fly out, F8 (Flyball, 8LM, EV 91.2 MPH)
|
| Top of the 5th over - 0 runs, 0 hits, 0 errors, 0 left on base; Cleveland (APP) 6 - Burlington 21 |
| BOTTOM OF THE 5TH |
|
Burlington Royals batting - Pitching for Cleveland (APP) Indians : RHP Tom Bemis
|
|
Batting: LHB Bobby Gonzalez
|
0-0: Foul Ball, location: 2F 0-1: SOLO HOME RUN (Flyball, 9LD, EV 90.0 MPH), Distance : 335 ft
|
|
Batting: LHB Mike Bhatti
|
0-0: Swinging Strike 0-1: Foul Ball, location: 2F 0-2: Ball 1-2: Ball 2-2: Ball 3-2: Base on Balls
|
|
Batting: RHB Jonas Fernandez
|
0-0: Ball 1-0: Called Strike 1-1: Swinging Strike 1-2: Ball Passed Ball! Mike Bhatti to second 2-2: Ground out 5-3 (Groundball, 56S, EV 63.8 MPH) Mike Bhatti to third
|
|
Batting: RHB Phil Hamby
|
0-0: Ball 1-0: Ball 2-0: Foul Ball, location: 2F 2-1: Ball 3-1: Base on Balls
|
|
Batting: SHB Bill Ertl
|
0-0: Ball 1-0: Ball Wild Pitch! Mike Bhatti scores Phil Hamby to second 2-0: Ball 3-0: Called Strike 3-1: Base on Balls
|
|
Batting: LHB Pablo Serrato
|
0-0: Grounds into double play, 4-6-3 (Groundball, 4, EV 87.5 MPH)
|
| Bottom of the 5th over - 2 runs, 1 hit, 0 errors, 1 left on base; Cleveland (APP) 6 - Burlington 23 |
| TOP OF THE 6TH |
|
Cleveland (APP) Indians batting - Pitching for Burlington Royals : RHP Obiniana Gaters
|
|
Batting: RHB Tsega Haida
|
0-0: Swinging Strike 0-1: Ball 1-1: SOLO HOME RUN (Flyball, 7D, EV 101.9 MPH), Distance : 408 ft
|
|
Batting: RHB Jose Argueta
|
0-0: Ball 1-0: Called Strike 1-1: Called Strike 1-2: Strikes out swinging
|
|
Batting: RHB Bill Ortiz
|
0-0: Ball 1-0: Swinging Strike 1-1: Foul Ball, location: 2F 1-2: Ball 2-2: SINGLE (Groundball, 56D, EV 103.1 MPH)
|
|
Pitching: RHP Chance Griffin
|
|
|
Batting: RHB Nick Gossman
|
0-0: Foul Ball, location: 2F 0-1: Grounds into double play, 4-6-3 (Groundball, 4M, EV 106.2 MPH)
|
| Top of the 6th over - 1 run, 2 hits, 0 errors, 0 left on base; Cleveland (APP) 7 - Burlington 23 |
| BOTTOM OF THE 6TH |
|
Burlington Royals batting - Pitching for Cleveland (APP) Indians : RHP Tom Bemis
|
|
Batting: SHB Danny Ballenger
|
0-0: Ball 1-0: Ball 2-0: Ball 3-0: Base on Balls
|
|
Pitching: RHP Leo Candelas
|
|
|
Batting: RHB Bobby Matyas
|
0-0: Ball 1-0: Ball 2-0: Ball 3-0: Called Strike 3-1: Foul Ball, location: 2F 3-2: Strikes out swinging
|
|
Batting: RHB Dave Saldana
|
0-0: Ball 1-0: Called Strike 1-1: Ball 2-1: Swinging Strike 2-2: Foul Ball, location: 2F 2-2: Ball 3-2: Base on Balls Danny Ballenger to second
|
|
Batting: LHB Bobby Gonzalez
|
0-0: Ball 1-0: Foul Ball, location: 2F 1-1: Called Strike 1-2: Foul Ball, location: 2F 1-2: Ball 2-2: Ground out 6-3 (Groundball, 6M, EV 79.4 MPH) Danny Ballenger to third Dave Saldana to second
|
|
Batting: LHB Mike Bhatti
|
0-0: Ball 1-0: Ball 2-0: Ball 3-0: 3-RUN HOME RUN (Flyball, 9LD, EV 93.1 MPH), Distance : 347 ft
|
|
Batting: RHB Jonas Fernandez
|
0-0: Called Strike 0-1: Ground out 6-3 (Groundball, 6, EV 80.0 MPH)
|
| Bottom of the 6th over - 3 runs, 1 hit, 0 errors, 0 left on base; Cleveland (APP) 7 - Burlington 26 |
| TOP OF THE 7TH |
|
Cleveland (APP) Indians batting - Pitching for Burlington Royals : RHP Chance Griffin
|
|
Batting: RHB Joe Shade
|
0-0: Fly out, F9 (Line Drive, 9D, EV 97.5 MPH)
|
|
Batting: RHB Justin Teague
|
0-0: Ball 1-0: Called Strike 1-1: Ground out 5-3 (Groundball, 56, EV 91.2 MPH)
|
|
Batting: RHB Kevin Trull
|
0-0: Called Strike 0-1: Ball 1-1: Foul Ball, location: 2F 1-2: Ball 2-2: Fly out, F7 (Flyball, 7LD, EV 90.6 MPH)
|
| Top of the 7th over - 0 runs, 0 hits, 0 errors, 0 left on base; Cleveland (APP) 7 - Burlington 26 |
| BOTTOM OF THE 7TH |
|
Burlington Royals batting - Pitching for Cleveland (APP) Indians : RHP Leo Candelas
|
|
Pinch Hitting: RHB Carlos Almada
|
0-0: Called Strike 0-1: Ground out 5-3 (Groundball, 5S, EV 70.0 MPH)
|
|
Pinch Hitting: RHB Jason Conner
|
0-0: Ground out 6-3 (Groundball, 6, EV 87.5 MPH)
|
|
Pinch Hitting: RHB Ian Hornsby
|
0-0: Ground out U3 (Groundball, 13, EV 88.8 MPH)
|
| Bottom of the 7th over - 0 runs, 0 hits, 0 errors, 0 left on base; Cleveland (APP) 7 - Burlington 26 |
| TOP OF THE 8TH |
|
Cleveland (APP) Indians batting - Pitching for Burlington Royals : RHP Chance Griffin
|
|
Now at 2B: Carlos Almada
|
|
|
Now at SS: Jason Conner
|
|
|
Now in LF: Jason Birge
|
|
|
Now in CF: Dave Saldana
|
|
|
Now in RF: Bobby Gonzalez
|
|
|
Batting: RHB Aaron Stout
|
0-0: Called Strike 0-1: Foul Ball, location: 2F 0-2: Foul Ball, location: 2F 0-2: Ball 1-2: TRIPLE (Flyball, 8RXD, EV 107.5 MPH)
|
|
Batting: RHB Jonathan Livingston
|
0-0: Ball 1-0: Foul Ball, location: 2F 1-1: Ball 2-1: Hit by Pitch
|
|
Pitching: RHP Nam Phong
|
|
|
Batting: RHB Tsega Haida
|
0-0: Ball Wild Pitch! Aaron Stout scores Jonathan Livingston to second 1-0: Ball 2-0: Ball 3-0: Called Strike 3-1: Called Strike 3-2: Base on Balls
|
|
Pinch Hitting: LHB Alberto Chavez
|
0-0: Ball 1-0: SINGLE (Groundball, 34D, EV 86.2 MPH) (infield hit) Jonathan Livingston to third Tsega Haida to second
|
|
Batting: RHB Bill Ortiz
|
0-0: Ball 1-0: Foul Ball, location: 2F 1-1: Ball 2-1: Fielders Choice at 2nd, 6-4 (Groundball, 56, EV 85.6 MPH) Jonathan Livingston scores Tsega Haida to third
|
|
Batting: RHB Nick Gossman
|
0-0: Ball 1-0: Ball 2-0: Called Strike 2-1: Swinging Strike 2-2: Foul Ball, location: 2F 2-2: Strikes out swinging
|
|
Pitching: LHP Ken Milhouse
|
|
|
Batting: RHB Joe Shade
|
0-0: Swinging Strike 0-1: SINGLE (Groundball, 6D, EV 104.4 MPH) Tsega Haida scores Bill Ortiz to second
|
|
Batting: RHB Justin Teague
|
0-0: Ball 1-0: Ball 2-0: Ball 3-0: Base on Balls Bill Ortiz to third Joe Shade to second
|
|
Batting: RHB Kevin Trull
|
0-0: Called Strike 0-1: Ball 1-1: Ball 2-1: Swinging Strike 2-2: Foul Ball, location: 2F 2-2: Ball 3-2: Strikes out swinging
|
| Top of the 8th over - 3 runs, 3 hits, 0 errors, 3 left on base; Cleveland (APP) 10 - Burlington 26 |
| BOTTOM OF THE 8TH |
|
Burlington Royals batting - Pitching for Cleveland (APP) Indians : RHP Leo Candelas
|
|
Now at 2B: Santiago Chavira
|
|
|
Batting: SHB Danny Ballenger
|
0-0: Ball 1-0: Swinging Strike 1-1: Swinging Strike 1-2: Foul Ball, location: 2F 1-2: Foul Ball, location: 2F 1-2: Strikes out looking
|
|
Pinch Hitting: RHB Chang-keun Baik
|
0-0: Ball 1-0: Foul Ball, location: 2F 1-1: Called Strike 1-2: Strikes out swinging
|
|
Pitching: RHP John Clark
|
|
|
Batting: RHB Dave Saldana
|
0-0: Ball 1-0: Ball 2-0: Fly out, F4 (Popup, 4S, EV 71.2 MPH)
|
| Bottom of the 8th over - 0 runs, 0 hits, 0 errors, 0 left on base; Cleveland (APP) 10 - Burlington 26 |
| TOP OF THE 9TH |
|
Cleveland (APP) Indians batting - Pitching for Burlington Royals : LHP Ken Milhouse
|
|
Now at 1B: Vance Coen
|
|
|
Batting: RHB Aaron Stout
|
0-0: Foul Ball, location: 2F 0-1: TRIPLE (Flyball, 89XD, EV 109.4 MPH)
|
|
Batting: RHB Jonathan Livingston
|
0-0: Swinging Strike 0-1: Foul Ball, location: 2F 0-2: Ball 1-2: Ball 2-2: Strikes out looking
|
|
Pitching: RHP Greg Sell
|
|
|
Batting: RHB Tsega Haida
|
0-0: Swinging Strike 0-1: Foul Ball, location: 2F 0-2: Ball Wild Pitch! Aaron Stout scores 1-2: Ball 2-2: Strikes out swinging
|
|
Batting: LHB Santiago Chavira
|
0-0: Called Strike 0-1: Called Strike 0-2: Ground out 6-3 (Groundball, 6, EV 98.1 MPH)
|
| Top of the 9th over - 1 run, 1 hit, 0 errors, 0 left on base; Cleveland (APP) 11 - Burlington 26 |
|